 Dungeon Crawl Stone Soup version 0.18-a0-1577-gf591c28 (webtiles) character file.

471 Chiseanne the Ducker (level 6, 0/42 HPs)
             Began as a High Elf Transmuter on Mar 24, 2016.
             Was a Follower of Okawaru.
             Slain by a giant frog zombie (2 damage)
             ... on level 5 of the Dungeon.
             The game lasted 00:18:07 (5804 turns).

Chiseanne the Ducker (High Elf Transmuter)          Turns: 5804, Time: 00:18:07

Health: 0/42       AC: 11    Str: 11    XL:     6   Next: 83%
Magic:  10/13      EV: 16    Int: 16    God:    Okawaru [*.....]
Gold:   157        SH:  0    Dex: 17    Spells: 3 memorised, 7 levels left

rFire  + . .     SeeInvis .     a - +3 mace
rCold  + . .     Gourm    +     A - +3 ring mail {rN+}
rNeg   + . .     Faith    .     (no shield)
rPois  .         Spirit   .     (no helmet)
rElec  .         Dismiss  .     f - +1 cloak
rCorr  .         Reflect  .     (no gloves)
SustAt .         Harm     .     (no boots)
MR     .....                    i - amulet of the gourmand
Stlth  ++........               v - ring of protection from cold (curse)
                                e - ring of protection from fire

@: appendage (expiring), heroism, very slightly contaminated, not resistant to
hostile enchantments, unstealthy
A: horns 2
a: End Transformation, Heroism, Renounce Religion


You were on level 5 of the Dungeon.
You worshipped Okawaru.
Okawaru was aware of your devotion.
You were very full.
You had grown temporary horns.
You visited 1 branch of the dungeon, and saw 5 of its levels.

You collected 157 gold pieces.

Inventory:

Hand Weapons
 a - a +3 mace (weapon)
Missiles
 g - 16 poisoned needles
 k - 68 bolts
 m - 50 sling bullets
 t - 8 needles of sleeping
 y - 26 arrows
Armour
 f - a +1 cloak (worn)
 A - a +3 ring mail of positive energy (worn)
Jewellery
 e - a ring of protection from fire (left hand)
 i - an amulet of the gourmand (around neck)
 r - an uncursed amulet of rage {unknown}
 v - a cursed ring of protection from cold (right hand)
Scrolls
 b - a scroll of remove curse
 h - a scroll of blinking
 p - a scroll of magic mapping
 w - a scroll of amnesia
Potions
 j - 2 potions of curing
 l - a potion of might {unknown}
 q - a potion of heal wounds
 s - a potion of beneficial mutation {unknown}
 u - 2 potions of brilliance {unknown}
 x - a potion of haste
Books
 c - a book of Changes

   Spells                             Type                      Level
   a - Beastly Appendage              Transmutation                1
   b - Sticks to Snakes               Transmutation                2
   c - Spider Form                    Transmutation/Poison         3
   d - Ice Form                       Ice/Transmutation            4
   e - Blade Hands                    Transmutation                5
Comestibles
 d - 2 bread rations
 n - a meat ration
 o - a beef jerky
 z - a slice of pizza
 C - 3 chunks of flesh


   Skills:
 + Level 3.5(8.5) Fighting
 * Level 1.2(6.2) Armour
 - Level 4.5(9.5) Dodging
 - Level 2.4(7.4) Unarmed Combat
 + Level 4.2 Spellcasting
 + Level 4.1 Transmutations


You had 7 spell levels left.
You knew the following spells:

 Your Spells              Type           Power        Failure   Level  Hunger
a - Beastly Appendage     Trmt           ###...       10%         1    None
b - Sticks to Snakes      Trmt           ###.....     12%         2    ##.....
c - Spider Form           Trmt/Pois      ##........   47%         3    ###....


Dungeon Overview and Level Annotations

Branches:
Dungeon (5/15)             Temple (0/1) D:4

Altars:
Cheibriados
Dithmenos
Fedhas
Makhleb
Okawaru
Qazlal
Ru
Sif Muna
Trog

Shops:
D:4 %

Annotations:
D:3 exclusion: downstairs
D:4 Eustachio, Grinder


Innate Abilities, Weirdness & Mutations

You have a pair of horns on your head.


Message History

You sock the ogre!
The ogre is heavily wounded.
The ogre hits you with a giant club!
The giant frog zombie closely misses you.
You completely miss the ogre.
The ogre is heavily wounded.
The giant frog zombie closely misses you.
The ogre hits you with a giant club!!
Ouch! That really hurt!
* * * LOW HITPOINT WARNING * * *
The giant frog zombie misses you.
You barely miss the ogre.
The ogre is heavily wounded.
The ogre misses you.
The giant frog zombie barely misses you.
You hit the ogre.
The ogre is severely wounded.
The giant frog zombie closely misses you.
The ogre completely misses you. The giant frog zombie hits you.
You die...

############
#..........#
#..........#
#..........#
#..........#
#...........
###....O......
#.....@Z......
#.............
#......#####..
#......#
#......#
#......#
####......#
........รท.#
#######.###


You could see an ogre and a giant frog zombie.

Vanquished Creatures
  A necrophage (D:4)
  A crimson imp (D:4)
  An orc wizard (D:4)
  Terence (D:2)
  An iguana (D:4)
  2 worker ants
  A hound skeleton (D:4)
  4 gnolls
  5 adders
  An ooze (D:1)
  3 worms
  2 dart slugs
  3 giant geckos (D:2)
  8 orcs
  A ball python (D:1)
  7 giant cockroaches
  6 goblins
  12 hobgoblins
  6 jackals
  6 quokkas
  9 bats
  A giant newt (D:1)
  13 kobolds
  A quokka skeleton (D:4)
  5 rats (D:1)
101 creatures vanquished.

Vanquished Creatures (collateral kills)
  A dart slug (D:1)
  A bat (D:1)
  A giant newt (D:1)
3 creatures vanquished.

Grand Total: 104 creatures vanquished

Notes
Turn   | Place    | Note
--------------------------------------------------------------
     0 | D:1      | Chiseanne the High Elf Transmuter began the quest for the Orb.
     0 | D:1      | Reached XP level 1. HP: 13/13 MP: 4/4
   617 | D:1      | Reached XP level 2. HP: 9/18 MP: 6/6
   761 | D:1      | Learned a level 2 spell: Sticks to Snakes
  1164 | D:1      | Reached XP level 3. HP: 14/23 MP: 4/8
  2328 | D:3      | Found a burning altar of Makhleb.
  2334 | D:3      | Found a snail-covered altar of Cheibriados.
  2336 | D:3      | Found a blossoming altar of Fedhas.
  2336 | D:3      | Found a bloodstained altar of Trog.
  2336 | D:3      | Found a stormy altar of Qazlal.
  2337 | D:3      | Found an iron altar of Okawaru.
  2339 | D:3      | Found a sacrificial altar of Ru.
  2342 | D:3      | Found a deep blue altar of Sif Muna.
  2348 | D:3      | Became a worshipper of Warmaster Okawaru
  2424 | D:3      | Found a sacrificial altar of Ru.
  2700 | D:3      | Reached XP level 4. HP: 25/29 MP: 9/9
  2964 | D:3      | Found a shadowy altar of Dithmenos.
  3158 | D:2      | Noticed Terence
  3178 | D:2      | Killed Terence
  3373 | D:2      | Reached XP level 5. HP: 35/35 MP: 10/10
  4041 | D:2      | Learned a level 3 spell: Spider Form
  4283 | D:4      | Found a staircase to the Ecumenical Temple.
  4310 | D:4      | Reached XP level 6. HP: 26/42 MP: 12/12
  4443 | D:4      | Reached * piety under Okawaru
  4681 | D:4      | Found Nurink's Food Emporium.
  4736 | D:4      | Noticed Eustachio
  5626 | D:4      | Noticed Grinder
  5766 | D:4      | Reached skill level 1 in Armour
  5774 | D:5      | Entered Level 5 of the Dungeon
  5802 | D:5      | HP: 2/42 [ogre/giant club (26)]
  5804 | D:5      | Slain by a giant frog zombie

Vault maps used:
D:1:      tarquinn_simple_flora_water_c, minmay_fountain_box
D:2:      first_bread, uniq_terence
D:3:      minitemple, grunt_dithmenos_smoke, nicolae_ru_the_path_less_chosen
D:4:      minmay_temple_entry_junction2, serial_shops, shop_fountains,
          minmay_misc_feat_cross, uniq_sigmund, uniq_grinder, uniq_eustachio
D:5:      lemuel_ice_spiral_2, serial_shops, nicolae_shop_waterfront,
          grunt_pakellas_salt

Skill      XL: |  1  2  3  4  5  6 |
---------------+-------------------+-----
Dodging        | 3 4 |  4.5
Spellcasting   | 3 4 |  4.2
Fighting       | 2 3 |  3.5
Transmutations | 3 4 |  4.1
Armour         | 1 |  1.2
Unarmed Combat | |  2.4

Action                   |  1- 3 |  4- 6 || total
-------------------------+-------+-------++-------
Melee: Unarmed           |   129 |       ||   129
       Mace              |    27 |   211 ||   238
 Cast: Beastly Appendage |    27 |    27 ||    54
       Sticks to Snakes  |    12 |       ||    12
Invok: Heroism           |       |     2 ||     2
  Use: Scroll            |     6 |    12 ||    18
       Potion            |       |     3 ||     3
 Stab: Sleeping          |       |     1 ||     1
  Eat: Chunk             |     6 |    23 ||    29
